AoeStats
← Megiago

Arabia

507289826Analyzed
1v1 RM · 15d ago on Sep 17, 2026· 38m 52s· 2 players
Game mode
Random Map
Map size
Tiny (2 player)
Population
200
Speed
Normal
Resources
Standard
Victory
Conquest
Starting age
Dark Age
Ending age
Imperial Age
RankedLock teamsTeams togetherTeam positionsShared explorationLock speedFull tech treeHidden civsTurbo modeCheats
Victory
Defeat
🇩🇪 Portuguese · Germany
1480
+17
🇵🇹 Mongols · Portugal
1492
-17
Megiago
6:07 Loom
9:18 Feudal Age
12:07 Double-Bit Axe
15:37 Fletching
15:52 Padded Archer Armor
22:11 Castle Age
22:03 Horse Collar
22:35 Crossbowman
23:13 Bodkin Arrow
29:09 Ballistics
30:36 Bow Saw
31:06 Heavy Plow
36:05 Thumb Ring
38:33 Imperial Age
38:44 Wheelbarrow
37:55 Town Watch
38:49 Thumb Ring
38:49 Arbalester
TriTone
6:25 Loom
8:52 Feudal Age
8:55 Man-at-Arms
13:11 Double-Bit Axe
14:27 Fletching
16:37 Padded Archer Armor
21:33 Castle Age
21:37 Gold Mining
22:06 Forging
22:21 Scale Barding Armor
22:37 Bow Saw
23:00 Bloodlines
23:30 Horse Collar
24:20 Town Watch
32:54 Ballistics
33:13 Wheelbarrow
32:47 Husbandry
33:17 Bodkin Arrow
33:38 Leather Archer Armor
36:44 Hand Cart
40:27 Imperial Age
37:42 Light Cavalry
39:04 Chain Barding Armor
39:46 Iron Casting
Connection lost

Rejoining the realm…

Still unreachable

The connection could not be restored.

Session expired

The server has moved on; the page needs a fresh start.